 Dungeon Crawl Stone Soup version 0.31-a0-986-g5e6e4ef867 (webtiles) character file.

Game seed: 16634320450946383691

1292 timneilson the Ruffian (level 8, -3/54 HPs)
             Began as an Octopode Shapeshifter on Nov 3, 2023.
             Slain by Prince Ribbit (18 damage)
             ... on level 6 of the Dungeon.
             The game lasted 00:09:54 (5295 turns).

timneilson the Ruffian (Octopode Shapeshifter)      Turns: 5295, Time: 00:09:55

Health: -3/54      AC:  1    Str: 15    XL:     8   Next: 56%
Magic:  11/11      EV: 14    Int: 13    God:
Gold:   207        SH:  0    Dex: 11    Spells: 11/11 levels left

rFire   + .          .
                       - Unarmed
rCold   . . .        (no shield)
rNeg    . . .        (helmet currently unavailable)
rPois   .            (no amulet)
rElec   .            d - ring of wizardry
rCorr   .            f - ring of protection from fire
SInv    .            r - ring of willpower
Will    +....        (no ring)
Stlth   +++          (no ring)
HPRegen 0.29/turn    (no ring)
MPRegen 0.12/turn    (no ring)
                     (no ring)

%: wizardry (x1)
@: beast-form
A: beast (slay +2), almost no armour, amphibious, 8 rings, camouflage 1,
gelatinous body 1, (nimble swimmer 1), tentacles
a: Begin Untransformation


You were on level 6 of the Dungeon.
You were a hulking beast.
You visited 2 branches of the dungeon, and saw 7 of its levels.

You collected 207 gold pieces.

Inventory:

Missiles
 k - 2 throwing nets
Jewellery
 d - a ring of wizardry (left tentacle)
 f - a ring of protection from fire (right tentacle)
 r - a ring of willpower (on tentacle)
Talismans
 b - a beast talisman
 c - a flux talisman
 q - a serpent talisman
Wands
 e - a wand of roots (7)
 p - a wand of acid (3)
Scrolls
 a - a scroll of teleportation
 i - a scroll of revelation
 l - a scroll of immolation
 m - 2 scrolls of poison
Potions
 g - a potion of curing
 h - a potion of lignification
 j - a potion of ambrosia
 n - a potion of attraction
 o - a potion of might {unknown}
 s - a potion of degeneration {unknown}


   Skills:
 * Level 4.3 Fighting
 * Level 4.7 Dodging
 + Level 4.1 Stealth
 * Level 5.2 Unarmed Combat
 + Level 2.3 Spellcasting
 + Level 2.5 Evocations
 * Level 4.9 Shapeshifting


You had 11 spell levels left.
You didn't know any spells.
Your spell library contained the following spells:

 Spells                   Type           Power      Damage    Failure   Level
 Magic Dart               Conj           4%         1d3       10%         1
 Ensorcelled Hibernation  Hex/Ice        2%         N/A       16%         2
 Passwall                 Tmut/Erth      0%         N/A       16%         2
 Searing Ray              Conj           2%         2d4       16%         2
 Swiftness                Air            1%         N/A       28%         3
 Tukima's Dance           Hex            1%         N/A       28%         3
 Dimensional Bullseye     Hex/Tloc       0%         N/A       65%         4
 Fulminant Prism          Conj/Hex       0%         3d5       65%         4
 Iskenderun's Mystic Bla  Conj/Tloc      1%         2d3       65%         4
 Manifold Assault         Tloc           1%         N/A       65%         4
 Dispersal                Tloc           0%         N/A       100%        6
 Disjunction              Tloc           0%         N/A       100%        8


Dungeon Overview and Level Annotations

Branches:
Dungeon (6/15)             Temple (1/1) D:6

Altars:
Dithmenos
Fedhas
Hepliaklqana
Kikubaaqudgha
Makhleb
Okawaru
Qazlal
Ru
Uskayaw
Wu Jian
Xom
Zin

Annotations:
D:5 1 runed translucent door, RandomusNamus's ghost, novice TrMo
D:6 Prince Ribbit


Innate Abilities, Weirdness & Mutations

You are a hulking beast.
Your limbs bulge with bestial killing power. (Slay +2)
You cannot wear most types of armour.
You are amphibious.
You can wear up to eight rings at the same time.
Your skin changes colour to match your surroundings (Stealth+).
Your rubbery body absorbs attacks. (AC +1, EV +1)
((You are camouflaged when in or above water. (Stealth+)))
You have tentacles for arms and can constrict up to eight enemies at once.


Message History

The ice beast hits you. The ice beast freezes you! The gnoll misses you.
You closely miss the ice beast. You tentacle-slap the ice beast!
The ice beast is severely wounded.
The ice beast closely misses you.
The gnoll hits you from afar with a +0 spear!
You tentacle-slap the ice beast. You squeeze the ice beast.
You kill the ice beast!
The gnoll closely misses you.
You bludgeon the gnoll! Your grab misses the gnoll.
The gnoll is heavily wounded.
The gnoll hits you with a +0 spear!
You barely miss the gnoll. You grab the gnoll.
The gnoll is heavily wounded.
You constrict the gnoll. The gnoll hits you with a +0 spear.
You bludgeon the gnoll!
You kill the gnoll!
Things that are here:
a +0 spear; a gnoll corpse You start resting.
Prince Ribbit is nearby!
You start resting.
Prince Ribbit is nearby!
Prince Ribbit gives a loud, deep croak!
Prince Ribbit barely misses you.
You tentacle-slap Prince Ribbit. You grab Prince Ribbit.
Your squeeze misses Prince Ribbit.
Prince Ribbit is lightly wounded.
You constrict Prince Ribbit. You bludgeon Prince Ribbit!
You squeeze Prince Ribbit!
Prince Ribbit is heavily wounded.
You constrict Prince Ribbit.
Prince Ribbit blinks free!
Prince Ribbit hits you!
* * * LOW HITPOINT WARNING * * *
You tentacle-slap Prince Ribbit. You grab Prince Ribbit.
Prince Ribbit is severely wounded.
You constrict Prince Ribbit.
Prince Ribbit struggles to blink free from constriction.
You tentacle-slap Prince Ribbit.
Prince Ribbit is severely wounded.
You constrict Prince Ribbit. Prince Ribbit hits you!!
You die...

≈≈~~≈≈≈≈≈≈≈≈≈...# #.#.#.#
≈≈≈≈...≈≈≈≈≈≈.#.# #.#.#.#
≈≈≈≈.>.≈≈≈≈≈≈.#.########.#.#.#
≈≈≈≈...≈≈≈Y≈≈.........##.#.#.#
≈≈≈≈≈≈≈≈≈≈≈≈.g##### #.##.#.#.#
.≈≈≈≈≈≈≈≈≈....# #.##.#.#.#
...≈≈≈≈≈......# #####....#.#.#
..............###).....#.#.#.#
....#####.....#§hF###.##.#.#.#
#...+.................##.#.#.#
#...#######...##########.#.#)#
#. ##>... ..#.#.# ######
####.#.# #....#.# #.####.#
#......# ########


You could see Prince Ribbit.

Vanquished Creatures
  Sigmund (D:2)
  2 water moccasins (D:5)
  A black bear (D:4)
  2 ice beasts
  An ogre (D:4)
  A jelly (D:4)
  5 hounds
  An orc priest (D:4)
  A sleepcap (D:4)
  3 iguanas
  An orc wizard (D:4)
  7 gnolls
  5 adders
  A worm (D:5)
  3 dart slugs
  14 orcs
  4 endoplasms
  5 giant cockroaches
  12 goblins
  9 hobgoblins
  4 jackals
  5 quokkas
  10 ball pythons
  5 bats
  A frilled lizard (D:1)
  7 kobolds
  4 rats
115 creatures vanquished.

Notes
Turn   | Place    | Note
-------+----------+-------------------------------------------
     0 | D:1      | timneilson the Octopode Shapeshifter began the quest for
                  | the Orb.
     0 | D:1      | Reached XP level 1. HP: 13/13 MP: 1/1
     3 | D:1      | Noticed an electric eel
     4 | D:1      | Noticed an electric eel
   203 | D:1      | You fall into a shaft and drop 1 floor!
   226 | D:2      | Noticed Sigmund
   241 | D:2      | Killed Sigmund
   242 | D:2      | Reached skill level 1 in Spellcasting
   242 | D:2      | Reached XP level 2. HP: 3/20 MP: 0/3
   242 | D:2      | Reached XP level 3. HP: 4/25 MP: 0/4
   242 | D:2      | Reached XP level 4. HP: 4/30 MP: 0/5
   242 | D:2      | Reached XP level 5. HP: 5/35 MP: 0/6
  1809 | D:3      | Reached XP level 6. HP: 41/41 MP: 7/7
  1858 | D:3      | Reached skill level 4 in Unarmed Combat
  2227 | D:3      | Reached skill level 1 in Evocations
  3010 | D:4      | Noticed a black bear
  3019 | D:4      | Killed a black bear
  3020 | D:4      | Reached XP level 7. HP: 42/46 MP: 9/9
  3741 | D:4      | Found an iron altar of Okawaru.
  3752 | D:4      | Found a shadowy altar of Dithmenos.
  4002 | D:5      | Entered Level 5 of the Dungeon
  4102 | D:5      | Reached XP level 8. HP: 33/54 MP: 9/11
  4533 | D:5      | Reached skill level 5 in Unarmed Combat
  4814 | D:5      | Found a runed translucent door.
  4814 | D:5      | Noticed RandomusNamus's ghost (novice TrMo)
  5207 | D:6      | Found a staircase to the Ecumenical Temple.
  5217 | Temple   | Entered the Ecumenical Temple
  5228 | D:6      | Noticed Prince Ribbit
  5295 | D:6      | Slain by Prince Ribbit

Illustrated notes

Levels and vault maps discovered:
D:1:      arrival_aquarium_b, layout_loops_ring, serial_forest,
          infiniplex_forest_clump_double, infiniplex_forest_end_2,
          infiniplex_forest_lined_4_way, infiniplex_forest_clump_double,
          infiniplex_forest_lined_2, infiniplex_forest_lined_ring,
          infiniplex_forest_lined_corner, minivault_4
D:2:      layout_loops_cross, uniq_sigmund
D:3:      minmay_general_purpose_star, layout_basic
D:4:      minmay_opposing_rooms, layout_basic, amethyst_overflow_temple_binary,
          nrook_campfire, minivault_19
D:5:      layout_cave_pods, gammafunk_ghost_grave, minmay_misc_feat_encased
D:6:      layout_basic, minitemple, mainiacjoe_overflow_chevrons,
          lemuel_doored_altar, temple_pool_b, uniq_prince_ribbit1
Temple:   zaba_magenta_temple

Skill      XL: |  1  2  3  4  5  6  7  8 |
---------------+-------------------------+-----
Fighting       | 2 3 4 |  4.3
Dodging        | 3 4 |  4.7
Stealth        | 2 3 4 |  4.1
Spellcasting   | 1 2 |  2.3
Unarmed Combat | 4 5 |  5.2
Evocations     | 1 2 |  2.5
Shapeshifting  | 4 |  4.9

Action                     |  1- 3 |  4- 6 |  7- 9 || total
---------------------------+-------+-------+-------++-------
  Melee: Unarmed           |    18 |   139 |   100 ||   257
         Constrict         |     2 |    37 |    23 ||    62
         Tentacles         |     1 |    25 |    24 ||    50
         Punch             |       |     4 |     9 ||    13
    Use: Potion            |     1 |       |     1 ||     2
         Scroll            |       |     6 |     5 ||    11
   Stab: Sleeping          |     2 |    14 |    12 ||    28
 Armour: Skin              |     7 |    53 |    33 ||    93
  Dodge: Dodged            |     6 |   109 |    47 ||   162

Table legend: (Time is in decaauts)
 A = Elapsed time spent in this place.
 B = Non-inter-level travel time spent in this place.
 C = Inter-level travel time spent in this place.
 D = Time resting spent in this place.
 E = Time spent auto-exploring this place.
 F = Levels seen in this place.
 G = Mean time per level.
                   A        B        C        D        E       F      G
               +--------+--------+--------+--------+--------+-----+--------+
         Total |   5252 |   5078 |    174 |    330 |   3589 |   7 |  750.3 |
       Dungeon |   5251 |   5077 |    174 |    330 |   3589 |   6 |  875.2 |
        Temple |      1 |      1 |      0 |      0 |      0 |   1 |    1.0 |
               +--------+--------+--------+--------+--------+-----+--------+

Top non-repeatable levels by time:
     D:4: 1281 daAuts
     D:5: 1117 daAuts
     D:3: 906 daAuts
     D:1: 902 daAuts
     D:2: 873 daAuts
     D:6: 169 daAuts
  Temple: 1 daAuts
